 Dungeon Crawl Stone Soup version 0.29-a0-993-g4a18f31a58 (webtiles) character file.

Game seed: 9573719069973375680

18 concernfroge the Trooper (level 2, -1/25 HPs)
             Began as a Mummy Monk on Aug 3, 2022.
             Slain by a kobold
             ... wielding a +0 short sword
              (3 damage)
             ... on level 1 of the Dungeon.
             The game lasted 00:01:04 (602 turns).

concernfroge the Trooper (Mummy Monk)                Turns: 602, Time: 00:01:05

Health: -1/25      AC:  2    Str: 14    XL:     2   Next: 51%
Magic:  2/2        EV: 12    Int:  9    God:
Gold:   24         SH:  0    Dex: 14    Spells: 1/1 levels left

rFire   x . .      SeeInvis .   d - +2 short sword (vamp)
rCold   + . .      Faith    .   (no shield)
rNeg    + + +      Spirit   .   b - +0 robe
rPois   ∞          Reflect  .   (no helmet)
rElec   .          Harm     .   (no cloak)
rCorr   .          Rampage  .   (no gloves)
Will    .....                   (no boots)
Stlth   ++........              (no amulet)
HPRegen 0.08/turn               f - ring of flight
MPRegen 0.08/turn               (no ring)

@: flying
A: cold resistance 1, negative energy resistance 3, torment resistance 2, heat
vulnerability 1, no potions
a: no special abilities


You were on level 1 of the Dungeon.
You visited 1 branch of the dungeon, and saw 1 of its levels.

You collected 24 gold pieces.

Inventory:

Hand Weapons
 a - a +0 spear
 d - a +2 vampiric short sword (weapon)
Armour
 b - a +0 robe (worn)
Jewellery
 f - a ring of flight (left hand)
Scrolls
 c - a scroll of identify {unknown}
 e - a scroll of teleportation {unknown}


   Skills:
 + Level 3.9 Fighting
 - Level 2.4 Polearms
 - Level 2.4 Dodging
 - Level 1.5 Stealth


You had one spell level left.
You didn't know any spells.
Your spell library contained the following spells:

 Spells                   Type           Power      Damage    Failure   Level
 Gell's Gravitas          Tloc           0%         N/A       77%         3
 Lesser Beckoning         Tloc           0%         N/A       77%         3
 Teleport Other           Tloc           0%         N/A       77%         3


Dungeon Overview and Level Annotations

Branches:
Dungeon (1/15)

Altars:


Innate Abilities, Weirdness & Mutations

You are immune to poison.
Your flesh is cold resistant. (rC+)
You are immune to negative energy. (rN+++)
You are immune to unholy pain and torment.
You are vulnerable to heat. (rF-)
You do not drink.


Message History

A hobgoblin comes into view.
The hobgoblin shouts!
A kobold comes into view. It is wielding a +0 short sword.
The kobold moves out of view.
You see here a fuming dark potion.
The hobgoblin hits you.
You completely miss the hobgoblin. The hobgoblin closely misses you.
The kobold shouts!
You hit the hobgoblin but do no damage.
The hobgoblin hits you but does no damage.
You hit the hobgoblin but do no damage. The hobgoblin hits you.
You hit the hobgoblin.
The hobgoblin is lightly wounded.
The hobgoblin barely misses you.
You barely miss the hobgoblin.
The hobgoblin is lightly wounded.
The kobold hits you with a +0 short sword.
The hobgoblin hits you. The hobgoblin misses you.
The kobold closely misses you.
You barely miss the hobgoblin.
The hobgoblin is lightly wounded.
The kobold hits you with a +0 short sword.
The hobgoblin hits you.
You are too injured to fight recklessly!
You are too injured to fight recklessly!
You are too injured to fight recklessly!
The kobold attacks as you move away!
The kobold hits you with a +0 short sword.
* * * LOW HITPOINT WARNING * * *
The hobgoblin barely misses you. The kobold attacks as you move away!
The kobold hits you with a +0 short sword.
* * * LOW HITPOINT WARNING * * *
You completely miss the kobold.
The kobold hits you with a +0 short sword.
* * * LOW HITPOINT WARNING * * *
You completely miss the kobold. The kobold closely misses you.
You closely miss the kobold.
The kobold hits you with a +0 short sword.
You die...

#.......# #.###.#.# ###
#.##.#..####.###########
#.#.###.....#...........
#.##.#.........!..#.###
#.###.#.####............
#.......# #....g###.####
####..### #.###K# #
##†.# #.# #@# ##.#.# #.#
#.# ##.###.## #.# #.#
#.## #.# #.# #.#
##.###.## #.# #.# ##.#.#
#.. ... ##..# ### ...
#..# ... #..#


You could see a hobgoblin and a kobold.

Vanquished Creatures
  2 dart slugs (D:1)
  2 endoplasms (D:1)
  2 giant cockroaches (D:1)
  2 hobgoblins (D:1)
  A ball python (D:1)
  2 bats (D:1)
  2 kobolds (D:1)
  A rat (D:1)
14 creatures vanquished.

Notes
Turn   | Place    | Note
-------+----------+-------------------------------------------
     0 | D:1      | concernfroge the Mummy Monk began the quest for the Orb.
     0 | D:1      | Reached XP level 1. HP: 18/18 MP: 1/1
   182 | D:1      | Reached XP level 2. HP: 24/24 MP: 2/2
   600 | D:1      | HP: 1/25 [kobold/+0 short sword (4)]
   602 | D:1      | Slain by a kobold

Illustrated notes

Levels and vault maps discovered:
D:1:      dpeg_arrival_water_fire, layout_loops_ring,
          hangedman_decor_peaks_small

Action                   || total
-------------------------++-------
Melee: Spear             ||    25
       Short sword       ||    28
       Punch             ||     1
 Stab: Sleeping          ||     6
Armor: Robe              ||    13
Dodge: Dodged            ||    25

Table legend: (Time is in decaauts)
 A = Elapsed time spent in this place.
 B = Non-inter-level travel time spent in this place.
 C = Inter-level travel time spent in this place.
 D = Time resting spent in this place.
 E = Time spent auto-exploring this place.
 F = Levels seen in this place.
 G = Mean time per level.
                   A        B        C        D        E       F      G
               +--------+--------+--------+--------+--------+-----+--------+
         Total |    603 |    603 |      0 |      0 |    490 |   1 |  603.0 |
       Dungeon |    603 |    603 |      0 |      0 |    490 |   1 |  603.0 |
               +--------+--------+--------+--------+--------+-----+--------+

Top non-repeatable levels by time:
     D:1: 603 daAuts
